 Dungeon Crawl Stone Soup version 0.30-a0-778-g2ef04afb54 (webtiles) character file.

Game seed: 16081059766317660531

478 Leeroy the Slasher (level 7, -2/34 HPs)
             Began as a Vine Stalker Warper on Feb 15, 2023.
             Was an Initiate of Wu Jian.
             Slain by a gnoll bouda
             ... wielding a +0 whip
              (6 damage)
             ... on level 5 of the Dungeon.
             The game lasted 00:03:26 (3444 turns).

Leeroy the Slasher (Vine Stalker Warper)            Turns: 3444, Time: 00:03:27

Health: -2/34      AC:  3    Str: 13    XL:     7   Next: 11%
Magic:  0/11       EV: 12    Int: 13    God:    Wu Jian [......]
Gold:   140        SH:  0    Dex: 22    Spells: 5/10 levels left

rFire   . . .      SeeInvis .    q - +0 long sword
rCold   . . .      Faith    .    (no shield)
rNeg    . . .      Spirit   +    b - +0 leather armour
rPois   .          Reflect  .    (no helmet)
rElec   .          Harm     .    (no cloak)
rCorr   .          Rampage  .    (no gloves)
Will    .....                    (no boots)
Stlth   ++                       (no amulet)
HPRegen 1.05/turn                s - +6 ring of dexterity
MPRegen 0.12/turn                (no ring)

@: weakened
A: fangs 2, regeneration 1, magic shield, antimagic bite, no potion heal 2
a: Renounce Religion


You were on level 5 of the Dungeon.
You worshipped Wu Jian.
Wu Jian was noncommittal.
You visited 1 branch of the dungeon, and saw 5 of its levels.

You collected 140 gold pieces.

Inventory:

Hand Weapons
 a - a +0 falchion
 q - a +0 long sword (weapon)
Missiles
 d - 7 boomerangs of dispersal (quivered)
 y - 2 boomerangs
Armour
 b - a +0 leather armour (worn)
Jewellery
 s - a +6 ring of dexterity (left hand)
Wands
 r - a wand of light (5)
 v - a wand of charming (4)
Scrolls
 c - a scroll of blinking
 f - 2 scrolls of magic mapping {unknown}
 g - a scroll of silence {unknown}
 k - a scroll of noise {unknown}
 l - a scroll of summoning {unknown}
 m - a scroll of vulnerability {unknown}
 n - 3 scrolls of teleportation {unknown}
 o - 4 scrolls of identify {unknown}
 p - 2 scrolls of poison {unknown}
 x - a scroll of amnesia {unknown}
Potions
 e - a potion of heal wounds {unknown}
 h - a potion of mutation {unknown}
 i - a potion of haste {unknown}
 j - 3 potions of curing {unknown}
 t - 2 potions of magic {unknown}
 u - a potion of degeneration {unknown}
 w - a potion of lignification {unknown}


   Skills:
 - Level 1.7 Fighting
 + Level 6.8 Long Blades
 - Level 0.8 Throwing
 - Level 0.7 Armour
 - Level 1.5 Dodging
 - Level 2.1 Spellcasting
 - Level 3.0 Translocations


You had 5 spell levels left.
You knew the following spells:

 Your Spells              Type           Power      Damage    Failure   Level
a - Blink                 Tloc           18%        N/A       14%         2
b - Vhi's Electric Charg  Tloc/Air       10%        N/A       45%         3

Your spell library contained the following spells:

 Spells                   Type           Power      Damage    Failure   Level
 Apportation              Tloc           18%        N/A       10%         1
 Lesser Beckoning         Tloc           18%        N/A       14%         2
 Teleport Other           Tloc           9%         N/A       28%         3
 Kiss of Death            Conj/Necr      4%         2d5       32%         1
 Necrotise                Necr           4%         1d4       32%         1
 Summon Small Mammal      Summ           4%         N/A       32%         1
 Confusing Touch          Hex            1%         N/A       67%         3
 Manifold Assault         Tloc           9%         N/A       67%         4
 Dispel Undead            Necr           1%         3d6       97%         4
 Freezing Cloud           Conj/Ice/Air   0%         6-21      100%        5
 Conjure Ball Lightning   Conj/Air       0%         3x3d6     100%        6
 Simulacrum               Ice/Necr       0%         N/A       100%        6
 Malign Gateway           Summ/Tloc      2%         N/A       100%        7
 Discord                  Hex            0%         N/A       100%        8
 Disjunction              Tloc           4%         N/A       100%        8
 Infestation              Necr           0%         N/A       100%        8
 Polar Vortex             Ice            0%         N/A       100%        9


Dungeon Overview and Level Annotations

Branches:
Dungeon (5/15)
 Temple: D:4-7

Altars:
Makhleb
Qazlal
Uskayaw
Wu Jian


Innate Abilities, Weirdness & Mutations

You have extremely sharp teeth.
Your natural rate of healing is unusually fast.
When hurt, damage is shared between your health and your magic reserves.
Your bite disrupts and absorbs the magic of your enemies.
Potions cannot restore your health.


Message History

You hit the gnoll bouda. Your bite misses the gnoll bouda.
The gnoll bouda is moderately wounded.
The gnoll bouda hits you with a +0 whip.
The orc priest mumbles some strange prayers to Beogh against you.
Beogh smites you!
You hit the gnoll bouda but do no damage.
You bite the gnoll bouda, but do no damage.
The gnoll bouda is moderately wounded.
The gnoll bouda hits you with a +0 whip.
* * * LOW HITPOINT WARNING * * *
You hit the gnoll bouda. You bite the gnoll bouda. You drain its power.
You feel invigorated.
The gnoll bouda is heavily wounded.
The gnoll bouda misses you.
You barely miss the gnoll bouda.
You bite the gnoll bouda, but do no damage.
The gnoll bouda is heavily wounded.
The gnoll bouda hits you with a +0 whip.
You hit the gnoll bouda.
The gnoll bouda is heavily wounded.
The gnoll bouda hits you with a +0 whip.
* * * LOW HITPOINT WARNING * * *
You completely miss the gnoll bouda. Your bite misses the gnoll bouda.
The gnoll bouda is heavily wounded.
The gnoll bouda hits you with a +0 whip!
* * * LOW HITPOINT WARNING * * *
You hit the gnoll bouda but do no damage.
The gnoll bouda is heavily wounded.
The gnoll bouda closely misses you.
You hit the gnoll bouda but do no damage.
The gnoll bouda is heavily wounded.
The gnoll bouda hits you with a +0 whip.
* * * LOW HITPOINT WARNING * * *
You hit the gnoll bouda. You bite the gnoll bouda. You drain its power.
You feel invigorated.
The gnoll bouda is almost dead.
The gnoll bouda gazes fiercely through you!
You feel your attacks grow feeble.
The gnoll bouda hits you with a +0 whip!
You die...

#.#..#.# #
.##.##.#o.#.##.# #.#
..gng..g........ ..
.##g##.#)....... ..
#.#go..##.##.# ..
..#gn#..# ...#
#..#.####..# .....##.#
#....# #..#####.....#
#..#.####..gogg@.....#
#..#.##.#..#####.###.#
##..................
.........#.....##.###
............##.# .# ..
.. .........#..# .# .#
#. .# ............# #
.. .. .. .........#..#
## #.##. .#
##..###..#..# ###
###.##. .#


You could see a gnoll bouda, an orc priest and 2 gnolls.

Vanquished Creatures
  2 necrophages
  2 scorpions
  A hound (D:4)
  An iguana (D:5)
  3 gnolls (D:5)
  5 adders
  A shadow imp (D:4)
  2 worms (D:3)
  2 dart slugs
  2 orcs (D:5)
  3 bats (D:1)
  8 endoplasms
  3 giant cockroaches
  7 goblins
  5 hobgoblins
  8 jackals
  9 kobolds
  4 quokkas
  6 ball pythons
  3 frilled lizards
  7 rats
84 creatures vanquished.

Notes
Turn   | Place    | Note
-------+----------+-------------------------------------------
     0 | D:1      | Leeroy the Vine Stalker Warper began the quest for the Orb.
     0 | D:1      | Reached XP level 1. HP: 11/11 MP: 4/4
    20 | D:1      | Reached skill level 2 in Long Blades
   201 | D:1      | Reached XP level 2. HP: 12/15 MP: 4/6
   352 | D:1      | Learned a level 2 spell: Blink
   704 | D:1      | Got the Octavo of Elsewhere and Zombies
   778 | D:1      | Reached skill level 3 in Long Blades
   864 | D:2      | Reached XP level 3. HP: 18/18 MP: 5/7
  1016 | D:2      | Found a faded altar of an unknown god.
  1213 | D:2      | Gained mutation: Your natural rate of healing is unusually
                  | fast. [Vine Stalker growth]
  1213 | D:2      | Reached XP level 4. HP: 23/23 MP: 8/8
  1213 | D:2      | Found a burning altar of Makhleb.
  1594 | D:3      | HP: 1/23 [dart slug (2)]
  1623 | D:3      | Reached skill level 4 in Long Blades
  1838 | D:3      | Found a hide-covered altar of Uskayaw.
  1848 | D:3      | Found a stormy altar of Qazlal.
  1856 | D:3      | Became a worshipper of Uskayaw the Reveller
  1879 | D:3      | Found an ornate altar of the Wu Jian Council.
  1897 | D:3      | Reached * piety under Uskayaw
  2072 | D:3      | Reached ** piety under Uskayaw
  2105 | D:3      | Fell from the grace of Uskayaw
  2105 | D:3      | Became a worshipper of the Wu Jian Council
  2346 | D:3      | Noticed a scorpion
  2360 | D:3      | Killed a scorpion
  2361 | D:3      | Reached skill level 5 in Long Blades
  2361 | D:3      | Reached XP level 5. HP: 15/26 MP: 6/9
  2604 | D:4      | Learned a level 3 spell: Vhi's Electric Charge
  2811 | D:4      | Reached XP level 6. HP: 30/30 MP: 10/10
  3019 | D:5      | Entered Level 5 of the Dungeon
  3042 | D:5      | Reached skill level 6 in Long Blades
  3122 | D:5      | HP: 1/30 [gnoll/+0 halberd (12)]
  3436 | D:5      | Reached XP level 7. HP: 20/34 MP: 8/11
  3444 | D:5      | Slain by a gnoll bouda

Illustrated notes

Levels and vault maps discovered:
D:1:      amcnicky_arrival_double_pillar, layout_basic
D:2:      layout_basic, shapermc_ecumenical_altar_starsandcircs, basic_altar,
          minmay_misc_feat_iff, minmay_ruptured
D:3:      layout_basic, mainiacjoe_overflow_big_doors,
          mainiacjoe_overflow_chevrons
D:4:      layout_basic
D:5:      old_forge, layout_basic, mainiacjoe_overflow_two_lobes,
          serial_bayou_crossing, uniq_crazy_yiuf_cottage, uniq_eustachio

Skill      XL: |  1  2  3  4  5  6 |
---------------+-------------------+-----
Long Blades    | 2 3 5 6 |  6.8
Fighting       | |  1.7
Throwing       | |  0.8
Armour         | |  0.7
Dodging        | |  1.5
Spellcasting   | |  2.1
Translocations | |  3.0

Action                     |  1- 3 |  4- 6 |  7- 9 || total
---------------------------+-------+-------+-------++-------
  Melee: Falchion          |   107 |    13 |       ||   120
         Bite              |    17 |    32 |     4 ||    53
         Punch             |     2 |     3 |       ||     5
         Long sword        |       |   118 |     9 ||   127
Ability: Lunge             |       |     7 |       ||     7
    Use: Scroll            |       |     1 |       ||     1
   Stab: Sleeping          |       |     3 |       ||     3
 Armour: Leather armour    |    28 |    14 |       ||    42
  Dodge: Dodged            |    64 |    74 |     2 ||   140

Table legend: (Time is in decaauts)
 A = Elapsed time spent in this place.
 B = Non-inter-level travel time spent in this place.
 C = Inter-level travel time spent in this place.
 D = Time resting spent in this place.
 E = Time spent auto-exploring this place.
 F = Levels seen in this place.
 G = Mean time per level.
                   A        B        C        D        E       F      G
               +--------+--------+--------+--------+--------+-----+--------+
         Total |   3478 |   3331 |    147 |    187 |   2505 |   5 |  695.6 |
       Dungeon |   3478 |   3331 |    147 |    187 |   2505 |   5 |  695.6 |
               +--------+--------+--------+--------+--------+-----+--------+

Top non-repeatable levels by time:
     D:3: 875 daAuts
     D:1: 858 daAuts
     D:4: 758 daAuts
     D:2: 748 daAuts
     D:5: 237 daAuts
